 Dungeon Crawl Stone Soup version 0.30.1-4-g462c640d31 (webtiles) character file.

Game seed: 4978666600902438771

513953 wingedge the Eclecticist (level 22, -4/170 (190) HPs)
             Began as a Demigod Earth Elementalist on Aug 16, 2023.
             Slain by a green draconian
             ... wielding a +0 halberd
             ... led by a red draconian scorcher
              (13 damage)
             ... on level 1 of the Realm of Zot on Aug 17, 2023.
             The game lasted 03:33:35 (52781 turns).

wingedge the Eclecticist (DgEE)                    Turns: 52781, Time: 03:33:36

HP:   -4/170 (190)  AC: 22    Str: 16    XL:     22   Next: 90%
MP:   24/58         EV: 15    Int: 44    God:
Gold: 4453          SH: 16    Dex: 13    Spells: 3/55 levels left

rFire   + + +        b - +8 mithril axe "Arga" {speed, Will+}
rCold   + . .        l - +5 kite shield {reflect}
rNeg    . . .        y - +2 robe {rC+ rF+}
rPois   +            Q - +2 helmet of Lanykk {Will++ Regen+ Dex-5 SInv}
rElec   .            V - scarf {rC+ rF+}
rCorr   +            x - +1 pair of gloves of Hyec Bigaqua {MP+9 Str+3 Int+3}
SInv    +            B - +1 pair of boots of Farubbus {SInv}
Will    +++++        g - amulet of Vitality {RegenMP++ Regen++}
Stlth   ++           i - ring of Winter {rPois rF+ rC- rCorr Int+4}
HPRegen 2.88/turn    G - ring of wizardry
MPRegen 1.16/turn

%: reflection, wizardry (x1)
@: ice-armoured, about to teleport, slowed, heavily drained, very slow
A: high MP 1, forlorn, divine attributes
}: 3/15 runes: decaying, serpentine, silver
a: no special abilities


You were on level 1 of the Realm of Zot.
You visited 9 branches of the dungeon, and saw 43 of its levels.
You also visited: Volcano.

You collected 7212 gold pieces.
You spent 2759 gold pieces at shops.

Inventory:

Hand Weapons
 a - the +3 Elemental Staff {rElec rF+ rC+ AC+3}
   (You found it on level 2 of the Depths)

   It enhances your fire, ice, earth and air magic.
   AC:        It affects your AC (+3).
   rF:        It protects you from fire.
   rC:        It protects you from cold.
   rElec:     It insulates you from electricity.
 b - the +8 mithril axe "Arga" (weapon) {speed, Will+}
   (You found it on level 2 of the Lair of Beasts)

   Will:      It increases your willpower.
Missiles
 F - 2 throwing nets
Armour
 l - a +5 kite shield of reflection (worn)
 x - the +1 pair of gloves of Hyec Bigaqua (worn) {MP+9 Str+3 Int+3}
   (You found it on level 4 of the Snake Pit)

   Str:       It affects your strength (+3).
   Int:       It affects your intelligence (+3).
   MP:        It affects your magic capacity (+9).
 y - a +2 robe of resistance (worn)
 B - the +1 pair of boots of Farubbus (worn) {SInv}
   (You found it on level 3 of the Snake Pit)

   SInv:      It lets you see invisible.
 Q - the +2 helmet of Lanykk (worn) {Will++ Regen+ Dex-5 SInv}
   (You found it on level 3 of the Depths)

   Dex:       It affects your dexterity (-5).
   SInv:      It lets you see invisible.
   Regen:     It increases your rate of health regeneration.
   Will:      It greatly increases your willpower.
 V - a scarf of resistance (worn)
 Y - a +2 leather armour of willpower
 Z - a +5 kite shield of poison resistance
Magical Staves
 c - the staff of air "Awnuutar" {Fly rElec rN+ Will+}
   (You took it off an orc on level 5 of the Vaults)

   [staff of air]

   Base accuracy: +5 Base damage: 5 Base attack delay: 1.2 This weapon's minimum
   attack delay (0.6) is reached at skill level 12.
   rElec:     It insulates you from electricity.
   rN:        It protects you from negative energy.
   Fly:       It grants you flight.
   Will:      It increases your willpower.
   It falls into the 'Staves' category.
   It is a one-handed weapon.
Jewellery
 e - a ring of willpower
 f - a ring of flight
 g - the amulet of Vitality (around neck) {RegenMP++ Regen++}
   (You bought it in a shop on level 2 of the Orcish Mines)

   [amulet of magic regeneration]

   It increases your rate of magic regeneration.
   Regen:     It increases your rate of health regeneration.
 i - the ring of Winter (left hand) {rPois rF+ rC- rCorr Int+4}
   (You bought it in a shop on level 2 of the Orcish Mines)

   [ring of poison resistance]

   Int:       It affects your intelligence (+4).
   rF:        It protects you from fire.
   rC:        It makes you vulnerable to cold.
   rPois:     It protects you from poison.
   rCorr:     It protects you from acid and corrosion.
 o - the ring "Ibycit" {Fire *Corrode Str+2 Int+7 Dex+3}
   (You found it on level 2 of the Dungeon)

   [ring of fire]

   It enhances your fire magic.
   Str:       It affects your strength (+2).
   Int:       It affects your intelligence (+7).
   Dex:       It affects your dexterity (+3).
   rF:        It protects you from fire.
   rC:        It makes you vulnerable to cold.
   *Corrode:  It may corrode you when you take damage.
 u - a ring of protection from cold
 G - a ring of wizardry (right hand)
Wands
 N - a wand of quicksilver (49)
 S - a wand of digging (23)
Scrolls
 m - 4 scrolls of enchant armour
 n - 4 scrolls of silence
 t - 13 scrolls of enchant weapon
 v - 5 scrolls of poison
 w - 8 scrolls of fear
 A - 18 scrolls of teleportation
 D - 6 scrolls of fog
 H - 8 scrolls of blinking
 J - 2 scrolls of amnesia
 K - 4 scrolls of torment
 O - 6 scrolls of magic mapping
 W - 2 scrolls of butterflies
 X - 2 scrolls of brand weapon
Potions
 d - 9 potions of brilliance
 h - 8 potions of haste
 j - 4 potions of berserk rage
 k - 6 potions of ambrosia
 p - 6 potions of lignification
 q - 22 potions of curing
 z - 2 potions of cancellation
 C - 4 potions of resistance
 I - 17 potions of might
 L - 5 potions of mutation
 M - a potion of magic
 P - 6 potions of invisibility
 T - 3 potions of heal wounds
 U - 3 potions of flight
Miscellaneous
 E - a phantom mirror
 R - a box of beasts


   Skills:
 + Level 14.6 Fighting
 - Level 8.0 Axes
 - Level 4.0 Staves
 - Level 8.0 Armour
 + Level 10.9 Dodging
 - Level 3.0 Stealth
 + Level 10.9 Shields
 + Level 17.3 Spellcasting
 * Level 14.9 Conjurations
 - Level 5.0 Hexes
 - Level 5.0 Summonings
 + Level 10.6 Necromancy
 + Level 7.9 Transmutations
 - Level 10.0 Fire Magic
 - Level 3.0 Ice Magic
 - Level 10.0 Air Magic
 * Level 14.8 Earth Magic
 - Level 4.0 Poison Magic


You had 3 spell levels left.
You knew the following spells:

 Your Spells              Type           Power      Damage    Failure   Level
a - Death Channel         Necr           46%        N/A       1%          6
b - Stone Arrow           Conj/Erth      100%       3d13      0%          3
c - Conjure Ball Lightni  Conj/Air       49%        3x3d17    1%          6
d - Borgnjor's Vile Clut  Necr/Erth      50%        N/A       1%          5
e - Lee's Rapid Deconstr  Erth           53%        3d25*     1%          5
f - Ozocubu's Armour      Ice            59%        N/A       1%          3
g - Arcjolt               Conj/Air       49%        1d59      1%          5
h - Plasma Beam           Fire/Air       45%        2x1d65    1%          6
i - Summon Mana Viper     Hex/Summ       70%        N/A       1%          5
j - Lehudib's Crystal Sp  Conj/Erth      53%        10d12     8%          8

Your spell library contained the following spells:

 Spells                   Type           Power      Damage    Failure   Level
 Foxfire                  Conj/Fire      100%       2x1d9     0%          1
 Kiss of Death            Conj/Necr      100%       2d13      0%          1
 Magic Dart               Conj           100%       1d8       0%          1
 Sandblast                Erth           100%       2d20      0%          1
 Passwall                 Tmut/Erth      79%        N/A       0%          2
 Searing Ray              Conj           100%       2d8       0%          2
 Static Discharge         Conj/Air       100%       2-7/arc   0%          2
 Freeze                   Ice            100%       1d10      1%          1
 Slow                     Hex            100%       N/A       1%          1
 Sting                    Tmut/Pois      100%       1d8       1%          1
 Call Imp                 Summ           100%       N/A       1%          2
 Cigotuvi's Dreadful Rot  Necr/Pois/Air  100%       N/A       1%          2
 Ensorcelled Hibernation  Hex/Ice        100%       N/A       1%          2
 Poisonous Vapours        Pois/Air       100%       N/A       1%          2
 Call Canine Familiar     Summ           70%        N/A       1%          3
 Confusing Touch          Hex            70%        N/A       1%          3
 Dazzling Flash           Conj/Hex       100%       N/A       1%          3
 Frozen Ramparts          Ice            100%       1d16      1%          3
 Hailstorm                Conj/Ice       87%        3d17      1%          3
 Mephitic Cloud           Conj/Pois/Air  89%        N/A       1%          3
 Portal Projectile        Hex/Tloc       100%       N/A       1%          3
 Swiftness                Air            90%        N/A       1%          3
 Tukima's Dance           Hex            70%        N/A       1%          3
 Vampiric Draining        Necr           93%        2d12      1%          3
 Vhi's Electric Charge    Tloc/Air       100%       N/A       1%          3
 Volatile Blastmotes      Fire/Tloc      100%       2d18      1%          3
 Airstrike                Air            45%        2d(7-23)  1%          4
 Anguish                  Hex/Necr       41%        N/A       1%          4
 Animate Dead             Necr           93%        N/A       1%          4
 Cause Fear               Hex            35%        N/A       1%          4
 Dispel Undead            Necr           93%        3d29      1%          4
 Fulminant Prism          Conj/Hex       45%        3d20      1%          4
 Iskenderun's Mystic Bla  Conj/Tloc      81%        2d16      1%          4
 Leda's Liquefaction      Hex/Erth       45%        N/A       1%          4
 Olgreb's Toxic Radiance  Pois           65%        N/A       1%          4
 Petrify                  Tmut/Erth      95%        N/A       1%          4
 Sticky Flame             Conj/Fire      99%        2d11      1%          4
 Summon Ice Beast         Ice/Summ       65%        N/A       1%          4
 Summon Lightning Spire   Summ/Air       81%        N/A       1%          4
 Agony                    Necr           93%        N/A       1%          5
 Alistair's Intoxication  Tmut/Pois      49%        N/A       1%          5
 Blade Hands              Tmut           41%        N/A       1%          5
 Fireball                 Conj/Fire      49%        3d19      1%          5
 Freezing Cloud           Conj/Ice/Air   44%        6-21      1%          5
 Iskenderun's Battlesphe  Conj           100%       2d15      1%          5
 Silence                  Hex/Air        40%        N/A       1%          5
 Yara's Violent Unravell  Hex/Tmut       38%        3d15      1%          5
 Starburst                Conj/Fire      49%        6d14      1%          6
 Statue Form              Tmut/Erth      63%        N/A       1%          6
 Orb of Destruction       Conj           53%        9d13      1%          7
 Metabolic Englaciation   Hex/Ice        32%        N/A       2%          5
 Simulacrum               Ice/Necr       39%        N/A       4%          6
 Passage of Golubria      Tloc           38%        N/A       5%          4
 Summon Forest            Summ/Tloc      28%        N/A       5%          5
 Eringya's Noxious Bog    Tmut/Pois      37%        N/A       7%          6
 Summon Cactus Giant      Summ           35%        N/A       11%         6
 Borgnjor's Revivificati  Necr           46%        N/A       38%         8
 Enfeeble                 Hex            35%        N/A       47%         7
 Monstrous Menagerie      Summ           35%        N/A       47%         7
 Necromutation            Tmut/Necr      44%        N/A       56%         8
 Shatter                  Erth           53%        3d40*     71%         9
 Ozocubu's Refrigeration  Ice            29%        4d14      75%         7
 Malign Gateway           Summ/Tloc      28%        N/A       82%         7
 Fire Storm               Conj/Fire      49%        8d13      95%         9
 Summon Horrible Things   Summ           35%        N/A       98%         8
 Death's Door             Necr           46%        N/A       99%         9
 Polar Vortex             Ice            29%        N/A       100%        9


Dungeon Overview and Level Annotations

Branches:
Dungeon (15/15)            Temple (0/1) D:7            Lair (5/5) D:9
  Swamp (4/4) Lair:2        Snake (4/4) Lair:3        Slime (0/5) Lair:4
    Orc (2/2) D:11            Elf (3/3) Orc:2        Vaults (5/5) D:13
  Crypt (0/3) Vaults:2     Depths (4/4) D:15            Zot (1/5) Depths:4
Volcano (visited)

Shops:
D:9 *   D:13 [   Orc:2 *=[   Elf:1 [:?(   Elf:2 *   Snake:1 !   Snake:2 **(
Vaults:3 =   Vaults:4 :

Portals:
Hell: Depths:1 Depths:2 Depths:3 Depths:4
Abyss: Depths:2 Depths:3 Depths:4
Pandemonium: Depths:2
Ziggurat: Depths:4


Innate Abilities, Weirdness & Mutations

You have an increased reservoir of magic. (+10% MP)
You shall have no god before yourself.
Your divine heritage dramatically boosts your attributes as you level up.


Message History

The yellow draconian annihilator hits you with a +0 long sword!
* * * LOW HITPOINT WARNING * * *
You feel much better. The death cob closely misses you.
The death cob hits you!!
* * * LOW HITPOINT WARNING * * *
The death cob drains your vigour!
You feel as though you will be slow longer.
The electric golem blinks!
You block the black draconian knight's attack.
You block the death cob's attack. The white draconian misses you.
The yellow draconian annihilator gestures wildly while chanting.
The yellow draconian annihilator blinks!
You block the green draconian's attack. The green draconian misses you.
The white draconian breathes frost at you.
The blast of cold hits you! You resist.
* * * LOW HITPOINT WARNING * * *
The black draconian knight closely misses you.
The death cob hits you.
* * * LOW HITPOINT WARNING * * *
The death cob drains your vigour!
You feel as though you will be slow longer.
You feel much better. You block the death cob's attack.
The black draconian knight hits you but does no damage.
The death cob misses you. The white draconian misses you.
The yellow draconian annihilator casts a spell at you.
The bolt of lightning hits the electric golem.
The electric golem completely resists.
The bolt of lightning hits you!!
* * * LOW HITPOINT WARNING * * *
The green draconian hits you with a +0 halberd.
* * * LOW HITPOINT WARNING * * *
The green draconian tail-slaps you but does no damage.
You block the electric golem's attack. x2
The electric golem hits you but does no damage.
The electric golem barely misses you.
The black draconian knight hits you but does no damage.
You block the death cob's attack.
The white draconian breathes frost at you.
The blast of cold misses you.
The green draconian hits you with a +0 halberd!
You die...

... .. #.
#q# .d#
###..##
#d.d.q##.#
#z@9q.....
#..ยง.#.####
.......#
#.##...#.#
##.# .. ##
##. . #


You could see an electric golem, a black draconian knight (fast, invisible), a
green draconian, 2 draconians, a death cob, a yellow draconian annihilator and a
red draconian scorcher.

Vanquished Creatures
  2 dread liches (Vaults:5)
  An ancient lich (Vaults:5)
  2 juggernauts
  Bai Suzhen (Swamp:4)
  A Killer Klown (Zot:1)
  Vashnia (Snake:4)
  7 golden dragons
  A bone dragon (Depths:4)
  Rupert (Lair:4)
  2 liches
  A walking frostbound tome (Depths:1)
  A walking crystal tome (Depths:1)
  6 tentacled monstrosities
  2 deep elf master archers (Elf:3)
  2 deep elf blademasters (Elf:3)
  4 quicksilver dragons
  3 titans
  12 sphinxes
  4 storm dragons
  A death cob (Zot:1)
  Agnes (Snake:1)
  Donald (Vaults:1)
  Kirke (Swamp:1)
  6 shadow dragons
  5 tengu reavers
  A draconian monk (Zot:1)
  4 fenstrider witches
  A draconian knight (Zot:1)
  9 nagarajas (Snake:4)
  7 fire giants
  13 frost giants
  8 deep elf sorcerers
  2 iron dragons (Vaults:5)
  13 vault wardens
  Aizul (Snake:1)
  2 angels (Depths:4)
  16 ironbound preservers
  3 draconian scorchers (Zot:1)
  2 draconian stormcallers (Depths:4)
  4 deep elf elementalists
  A spriggan defender (Depths:1)
  2 quicksilver oozes (shapeshifter)
  12 stone giants
  2 war gargoyles
  22 very ugly things
  3 orc warlords
  A vampire knight (Depths:2)
  3 black draconians
  3 ironbound thunderhulks
  7 grey draconians (Zot:1)
  8 deep elf demonologists
  A lorocyproca (Depths:2)
  8 deep elf annihilators
  2 eleionomae
  16 dire elephants
  3 white draconians (Depths:4)
  A yellow draconian (Zot:1)
  2 green draconians (Depths:4)
  5 red draconians (Zot:1)
  13 spark wasps
  6 bunyips
  2 purple draconians (Zot:1)
  5 ettins
  Snorg (D:12)
  A crystal guardian (Vaults:1)
  2 quicksilver dragon zombies
  2 jiangshi (Depths:2)
  13 fire dragons
  6 deep elf death magi
  3 great orbs of eyes
  Josephine (D:12)
  5 deep elf high priests
  A shambling mangrove (Swamp:3)
  15 yaktaur captains
  Fannar (D:11)
  4 ice dragons
  A rakshasa (Depths:2)
  Erolcha (D:11)
  2 entropy weavers
  2 salamander tyrants
  An ogre mage (Vaults:5)
  5 spriggan air magi
  20 vault guards
  22 hydras
  2 ghost crabs (Swamp:4)
  3 ironbound frosthearts
  A spriggan skeleton (Depths:1)
  A peacekeeper (Vaults:1)
  The ghost of SgtHiss the Cleaver, a novice DrCK of Xom (Lair:1)
  2 boulder beetles
  9 centaur warriors
  3 two-headed ogres
  14 anacondas
  A two-headed ogre (shapeshifter) (Vaults:5)
  4 deep troll shamans
  6 tengu warriors
  8 alligators
  9 death yaks
  11 naga warriors
  A satyr (shapeshifter) (Vaults:5)
  10 naga sharpshooters
  A vampire mage (Depths:2)
  30 dancing weapons
  A deep troll earth mage (Depths:1)
  A shock serpent (shapeshifter) (Depths:1)
  4 shock serpents
  9 spriggan berserkers
  Urug (Orc:2)
  9 hell knights
  Nergalle (Orc:1)
  11 deep elf knights
  2 iron trolls
  2 storm dragon zombies
  A titan skeleton (D:15)
  3 skeletal warriors (D:15)
  10 spriggans
  2 sixfirhies (Depths:2)
  49 deep trolls
  6 salamander mystics
  A storm dragon skeleton (Depths:1)
  A death drake (Swamp:2)
  3 goliath frogs
  6 wizards
  2 spriggan druids (Swamp:4)
  A spark wasp zombie (Depths:1)
  A golden dragon zombie (Depths:1)
  12 bog bodies
  11 swamp dragons
  6 deep elf archers
  4 glowing orange brains (Depths:3)
  2 flayed ghosts
  3 naga ritualists
  11 necromancers
  A shadow dragon zombie (Vaults:5)
  6 sea snakes (Snake:4)
  7 lindwurms
  Pikel (D:7)
  20 deep elf zephyrmancers
  2 phantasmal warriors (Vaults:5)
  17 ironbound convokers
  6 mana vipers
  23 deep elf pyromancers
  A fire giant zombie (Depths:1)
  5 harpies (Vaults:2)
  11 orc knights
  36 ugly things
  3 orc sorcerers
  5 will-o-the-wisps
  3 moths of wrath
  A sphinx skeleton (Vaults:5)
  A manticore (shapeshifter) (Elf:2)
  2 manticores
  A fire giant skeleton (Depths:1)
  6 cyclopes
  22 salamanders
  A rust devil (Depths:2)
  3 guardian serpents (Snake:4)
  Joseph (D:7)
  33 black mambas
  11 elephants
  16 vault sentinels
  16 naga magi
  A stone giant skeleton (Depths:1)
  2 smoke demons (Depths:2)
  An ice statue (Lair:2)
  A human skeleton (Vaults:4)
  11 cane toads
  2 torpor snails
  An eye of devastation (shapeshifter) (D:15)
  2 orange demons (Depths:2)
  4 gargoyles
  2 yaktaur zombies
  3 rime drakes
  An ice devil (Depths:2)
  2 efreet
  42 yaktaurs
  10 komodo dragons
  A golden dragon simulacrum (Depths:3)
  2 tengu conjurers
  2 freezing wraiths
  A yaktaur skeleton (Vaults:4)
  3 trolls
  A tengu simulacrum (Vaults:4)
  2 bloated husks (Swamp:2)
  A hellwing (Depths:2)
  A meliai (shapeshifter) (D:14)
  A meliai (D:11)
  4 tyrant leeches
  A sphinx simulacrum (Depths:1)
  13 polar bears
  14 hornets
  9 blink frogs
  2 raiju (Lair:5)
  A stone giant simulacrum (Depths:1)
  A fire giant simulacrum (Depths:1)
  A frost giant simulacrum (Depths:1)
  A jumping spider (shapeshifter) (Elf:1)
  An air elemental (Elf:1)
  A centaur simulacrum (D:11)
  24 slime creatures
  2 wyverns
  65 yaks
  A culicivora (shapeshifter) (D:11)
  4 water elementals
  A spriggan (shapeshifter) (D:14)
  9 wraiths
  Eustachio (D:4)
  2 fire bats (Swamp:4)
  2 basilisks
  Grum (D:11)
  6 fire elementals
  2 redbacks (Vaults:1)
  8 vampire mosquitoes
  A spriggan simulacrum (Depths:1)
  4 steam dragons
  2 tengu zombies (D:15)
  Menkaure (D:7)
  34 nagas
  7 wargs
  17 swamp worms
  A glowing shapeshifter zombie (Depths:3)
  11 water moccasins
  2 acid dragons
  13 hell hounds (Lair:5)
  A glowing shapeshifter skeleton (Vaults:5)
  A tengu skeleton (D:15)
  A floating eye (shapeshifter) (Vaults:5)
  3 sky beasts
  14 black bears
  40 orc warriors
  7 swamp drakes
  7 ice beasts
  31 wolves
  A tengu (shapeshifter) (D:13)
  7 ogres
  2 boggarts (Elf:1)
  25 centaurs
  A phantom (D:5)
  11 bullfrogs
  4 scorpions
  An earth elemental (Elf:2)
  A glowing shapeshifter simulacrum (Vaults:5)
  4 gnoll sergeants
  3 wights (D:9)
  26 killer bees
  A vampire bat (Orc:2)
  5 howler monkeys
  A lava snake (Lair:3)
  7 hounds
  A jelly (D:6)
  A gnoll bouda (D:6)
  15 orc priests
  3 sleepcaps
  4 iguanas
  10 orc wizards
  10 hell rats
  Robin (D:3)
  A gnoll (shapeshifter) (Depths:3)
  13 gnolls
  11 adders
  A river rat (D:9)
  A shadow imp (D:6)
  4 white imps
  An ufetubus (D:6)
  5 worms
  72 orcs
  12 bats
  7 endoplasms
  2 giant cockroaches
  10 goblins
  7 hobgoblins
  6 quokkas
  7 ball pythons
  6 frilled lizards
  7 kobolds
  6 rats
  A ball lightning (Vaults:2)
1746 creatures vanquished.

Vanquished Creatures (collateral kills)
  Nikola (Swamp:4)
  2 titans (Vaults:5)
  A tengu reaver (Vaults:5)
  A vault warden (Vaults:5)
  A frost giant (Vaults:5)
  2 ironbound preservers (Vaults:5)
  2 war gargoyles (Vaults:5)
  A stone giant (Vaults:5)
  2 deep elf annihilators (Vaults:5)
  2 ettins (Vaults:5)
  9 vault guards (Vaults:5)
  An entropy weaver (shapeshifter) (Vaults:5)
  A shock serpent (Snake:2)
  A shadow wraith (Vaults:5)
  An orc knight (Vaults:5)
  2 ugly things (Depths:1)
  2 salamanders
  A vault sentinel (Vaults:5)
  The ghost of lxXxl the Covered, a novice MiFi (D:6)
  3 yaktaurs (Vaults:5)
  A steam dragon (Swamp:4)
  2 orc warriors (Vaults:5)
  A swamp drake (Swamp:4)
  2 ogres
  2 killer bees
  2 iguanas (D:6)
  An adder (D:6)
  4 ball lightnings
52 creatures vanquished.

Vanquished Creatures (others)
  A goliath frog (Swamp:2)
  An air elemental (Elf:2)
  2 steam dragons (Swamp:4)
  3 swamp drakes (Swamp:4)
  An orc wizard (Orc:2)
  2 orcs (D:8)
  162 ball lightnings
  22 foxfires
  25 fulminant prisms
219 creatures vanquished.

Grand Total: 2017 creatures vanquished

Notes
Turn   | Place    | Note
-------+----------+-------------------------------------------
     0 | D:1      | wingedge the Demigod Earth Elementalist began the quest for
                  | the Orb.
     0 | D:1      | Reached XP level 1. HP: 14/14 MP: 5/5
   755 | D:1      | Reached XP level 2. HP: 20/20 MP: 5/7
  1251 | D:2      | Identified the ring "Ibycit" {Fire *Corrode Str+2 Int+7
                  | Dex+3}
  1365 | D:2      | Reached XP level 3. HP: 26/26 MP: 5/8
  1369 | D:2      | Learned a level 3 spell: Stone Arrow
  2142 | D:3      | Noticed Robin
  2171 | D:3      | Reached skill level 1 in Fighting
  2171 | D:3      | Reached skill level 2 in Spellcasting
  2171 | D:3      | Reached skill level 1 in Conjurations
  2171 | D:3      | Reached XP level 4. HP: 30/35 MP: 1/9
  2298 | D:3      | Killed Robin
  2433 | D:3      | Reached XP level 5. HP: 40/40 MP: 5/11
  2498 | D:3      | Learned a level 4 spell: Petrify
  3429 | D:4      | Noticed Eustachio
  3475 | D:4      | Killed Eustachio
  3476 | D:4      | Reached skill level 3 in Spellcasting
  3476 | D:4      | Reached XP level 6. HP: 12/48 MP: 7/13
  3949 | D:5      | Entered Level 5 of the Dungeon
  3952 | D:5      | Reached skill level 1 in Transmutations
  4214 | D:5      | Reached XP level 7. HP: 55/55 MP: 11/16
  4353 | D:5      | Reached skill level 4 in Spellcasting
  4913 | D:6      | Noticed lxXxl's ghost (novice MiFi)
  4924 | D:6      | Found a runed translucent gate.
  4924 | D:6      | Found a runed translucent gate.
  5078 | D:6      | Reached XP level 8. HP: 62/62 MP: 3/18
  5200 | D:6      | Found a runed translucent gate.
  5311 | D:6      | Reached skill level 5 in Earth Magic
  5760 | D:7      | Reached skill level 5 in Spellcasting
  5760 | D:7      | Reached skill level 5 in Conjurations
  5774 | D:7      | Learned a level 3 spell: Mephitic Cloud
  5777 | D:7      | Identified the +2 ring mail of Mutualism {Harm rElec Str-2
                  | Int+4}
  5817 | D:7      | Learned a level 5 spell: Lee's Rapid Deconstruction
  6084 | D:7      | Reached skill level 1 in Poison Magic
  6096 | D:7      | Found a staircase to the Ecumenical Temple.
  6099 | D:7      | Reached skill level 1 in Air Magic
  6122 | D:7      | Noticed Joseph
  6130 | D:7      | Killed Joseph
  6259 | D:7      | Noticed Pikel
  6267 | D:7      | Killed Pikel
  6268 | D:7      | Reached XP level 9. HP: 59/71 MP: 4/20
  6550 | D:7      | Noticed Menkaure
  6554 | D:7      | Killed Menkaure
  6794 | D:6      | Reached skill level 1 in Armour
  6819 | D:6      | Noticed a manticore
  6826 | D:6      | Killed a manticore
  6827 | D:6      | Reached skill level 1 in Shields
  6827 | D:6      | Reached skill level 5 in Transmutations
  6964 | D:6      | Noticed a gargoyle
  6967 | D:6      | Noticed a boulder beetle
  6984 | D:6      | Killed a boulder beetle
  6992 | D:6      | Killed a gargoyle
  7363 | D:6      | Reached skill level 6 in Spellcasting
  7363 | D:6      | Reached XP level 10. HP: 77/80 MP: 16/22
  7952 | D:8      | Reached skill level 5 in Fighting
  8016 | D:8      | Identified a scroll of acquirement
  8034 | D:8      | Acquired the +6 lajatang of the Unseen Realm {freeze, Drain
                  | Will+ Int+4 Stlth+}
  8208 | D:8      | Noticed a two-headed ogre
  8217 | D:8      | Killed a two-headed ogre
  8549 | D:8      | Noticed a deep elf zephyrmancer
  8551 | D:8      | Killed a deep elf zephyrmancer
  8600 | D:9      | Found Faxur's Assorted Antiques.
  8604 | D:9      | Bought a smoking helmet for 247 gold pieces
  8604 | D:9      | Identified the +2 helmet "Xonucod" {Str+3 Int+4} (You
                  | bought it in a shop on level 9 of the Dungeon)
  8624 | D:9      | Learned a level 4 spell: Fulminant Prism
  9123 | D:9      | Reached skill level 1 in Hexes
  9127 | D:9      | Noticed a death yak
  9139 | D:9      | Found a staircase to the Lair.
  9253 | D:9      | Noticed a death yak
  9258 | D:9      | Noticed a death yak
  9265 | D:8      | Killed a death yak
  9269 | D:8      | Killed a death yak
  9417 | D:9      | Reached XP level 11. HP: 85/88 MP: 11/25
  9679 | D:9      | Killed a death yak
 10060 | D:10     | Entered Level 10 of the Dungeon
 10086 | D:10     | Noticed a tengu warrior
 10334 | D:10     | Killed a tengu warrior
 10335 | D:10     | Reached skill level 7 in Spellcasting
 10627 | D:10     | Noticed a two-headed ogre
 10633 | D:10     | Killed a two-headed ogre
 11195 | Lair:1   | Entered Level 1 of the Lair of Beasts
 11513 | Lair:1   | Found a transporter.
 11517 | Lair:1   | Noticed SgtHiss's ghost (novice DrCK)
 11538 | Lair:1   | Reached skill level 1 in Staves
 12329 | Lair:1   | Reached XP level 12. HP: 97/97 MP: 11/27
 12548 | Lair:1   | Found a transporter.
 12845 | Lair:1   | Learned a level 5 spell: Arcjolt
 13068 | Lair:2   | Found the +8 mithril axe "Arga" {speed, Will+}
 13073 | Lair:2   | Reached skill level 8 in Spellcasting
 13328 | Lair:2   | Found the +9 scales of the Dragon King {rPois rF+ rC+
                  | Will+}
 13678 | Lair:2   | Found a staircase to the Swamp.
 13932 | Lair:3   | Reached skill level 1 in Fire Magic
 14188 | Lair:3   | Reached skill level 5 in Air Magic
 14396 | Lair:3   | Found a staircase to the Snake Pit.
 14944 | Lair:4   | Noticed a four-headed hydra
 14950 | Lair:4   | Killed a four-headed hydra
 15050 | Lair:4   | Found a dark tunnel.
 15058 | Volcano  | Entered a volcano
 15270 | Volcano  | Noticed a stone giant
 15277 | Volcano  | Killed a stone giant
 15555 | Lair:4   | Found a staircase to the Slime Pits.
 15600 | Lair:4   | Reached XP level 13. HP: 107/107 MP: 24/30
 15664 | Lair:4   | Noticed Rupert
 15674 | Lair:4   | Killed Rupert
 16461 | Lair:5   | Entered Level 5 of the Lair of Beasts
 16556 | Lair:5   | Reached skill level 5 in Dodging
 16556 | Lair:5   | Reached skill level 9 in Spellcasting
 17036 | Lair:5   | Reached skill level 10 in Earth Magic
 19149 | D:11     | Noticed Grum
 19162 | D:11     | Killed Grum
 19163 | D:11     | Reached skill level 5 in Fire Magic
 19384 | D:11     | Learned a level 6 spell: Plasma Beam
 19489 | D:11     | Reached XP level 14. HP: 118/118 MP: 21/32
 19544 | D:11     | Noticed Fannar
 19555 | D:11     | Killed Fannar
 19668 | D:11     | Found a staircase to the Orcish Mines.
 19877 | D:11     | Noticed Erolcha
 19884 | D:11     | Killed Erolcha
 19927 | D:11     | You fall into a shaft and drop 2 floors!
 20166 | D:13     | Found a gate to the Vaults.
 20402 | D:13     | Found Foasug Aga's Antique Armour Shoppe.
 20427 | D:13     | Bought a pair of runed gloves for 270 gold pieces
 20615 | D:13     | Identified the staff of air "Xenukiog" {rElec Will+ Stlth+}
 20939 | D:12     | Noticed Josephine
 20942 | D:12     | Killed Josephine
 20943 | D:12     | Reached skill level 10 in Spellcasting
 21446 | D:12     | Noticed Snorg
 21452 | D:12     | Killed Snorg
 22132 | Orc:1    | Entered Level 1 of the Orcish Mines
 22353 | Orc:1    | Noticed Nergalle
 22421 | Orc:1    | Killed Nergalle
 22422 | Orc:1    | Reached skill level 10 in Fighting
 22697 | Orc:2    | Entered Level 2 of the Orcish Mines
 22697 | Orc:2    | Noticed an orc warlord
 22703 | Orc:2    | Killed an orc warlord
 23151 | Orc:2    | Found a staircase to the Elven Halls.
 23706 | Orc:2    | Noticed Urug
 23711 | Orc:2    | Killed Urug
 24082 | Orc:2    | Found Wuvaef Qaura's Distillery.
 24082 | Orc:2    | Found Isarogh's Jewellery Boutique.
 24084 | Orc:2    | Found Caunlef's Armour Shop.
 24086 | Orc:2    | Found Hustei Ecke's Assorted Antiques.
 24090 | Orc:2    | Bought a potion of heal wounds for 55 gold pieces
 24090 | Orc:2    | Bought a potion of invisibility for 88 gold pieces
 24090 | Orc:2    | Bought a potion of heal wounds for 55 gold pieces
 24090 | Orc:2    | Bought a potion of curing for 33 gold pieces
 24090 | Orc:2    | Bought a potion of magic for 88 gold pieces
 24090 | Orc:2    | Bought a potion of curing for 33 gold pieces
 24097 | Orc:2    | Bought the ring of Winter {rPois rF+ rC- rCorr Int+4} for
                  | 410 gold pieces
 24097 | Orc:2    | Bought the amulet of Vitality {RegenMP++ Regen++} for 1000
                  | gold pieces
 24097 | Orc:2    | Found the amulet of Vitality {RegenMP++ Regen++}
 24176 | Elf:1    | Entered Level 1 of the Elven Halls
 24505 | D:14     | Identified the +8 dagger "Wioli" {pain, rF+}
 24999 | D:15     | Entered Level 15 of the Dungeon
 24999 | D:15     | Found a staircase to the Depths.
 25101 | D:15     | Reached XP level 15. HP: 126/126 MP: 17/34
 25271 | D:15     | Reached skill level 11 in Spellcasting
 25271 | D:15     | Reached skill level 1 in Summonings
 25750 | D:15     | Learned a level 5 spell: Summon Mana Viper
 26430 | Orc:2    | Bought a scarf of resistance for 480 gold pieces
 26600 | Snake:1  | Entered Level 1 of the Snake Pit
 26666 | Snake:1  | Reached skill level 10 in Air Magic
 26807 | Snake:1  | Noticed Agnes
 26811 | Snake:1  | Killed Agnes
 27161 | Snake:1  | Found Puim's Distillery.
 27250 | Snake:1  | Reached skill level 5 in Hexes
 27460 | Snake:1  | Noticed Aizul
 27466 | Snake:1  | Killed Aizul
 27981 | Snake:2  | Found Temp's General Store.
 27984 | Snake:2  | Found Ebbav's Specific Store.
 28375 | Snake:2  | Found Tiwaobu's Weapon Boutique.
 28381 | Snake:2  | Reached skill level 1 in Axes
 28520 | Snake:2  | Learned a level 6 spell: Conjure Ball Lightning
 28732 | Snake:2  | Reached skill level 5 in Summonings
 29200 | Swamp:1  | Entered Level 1 of the Swamp
 29499 | Swamp:1  | Noticed Kirke
 29502 | Swamp:1  | Killed Kirke
 29511 | Swamp:1  | Reached XP level 16. HP: 110/137 MP: 3/36
 29771 | Swamp:1  | Learned a level 5 spell: Borgnjor's Vile Clutch
 29924 | Swamp:2  | Got the Octavo of the Violent Sun
 30041 | Swamp:2  | Reached skill level 1 in Necromancy
 30170 | Swamp:2  | Noticed a tentacled monstrosity
 30177 | Swamp:2  | Killed a tentacled monstrosity
 30275 | Swamp:2  | Noticed a tentacled monstrosity
 30281 | Swamp:2  | Killed a tentacled monstrosity
 30491 | Swamp:2  | Reached skill level 10 in Fire Magic
 30529 | Swamp:2  | Found a runed translucent door.
 30617 | Swamp:2  | Reached skill level 1 in Ice Magic
 31484 | Swamp:4  | Entered Level 4 of the Swamp
 31810 | Swamp:4  | Noticed Nikola
 31831 | Swamp:4  | Killed Nikola
 32054 | Swamp:4  | Noticed Bai Suzhen
 32072 | Swamp:4  | Killed Bai Suzhen
 32135 | Swamp:4  | Reached skill level 5 in Necromancy
 32241 | Swamp:4  | Got a decaying rune of Zot
 32701 | Snake:3  | Reached XP level 17. HP: 146/146 MP: 32/38
 33099 | Snake:3  | Identified the +1 pair of boots of Farubbus {SInv}
 33352 | Snake:3  | Reached skill level 12 in Spellcasting
 33372 | Snake:3  | Learned a level 3 spell: Ozocubu's Armour
 33481 | Snake:3  | Reached skill level 5 in Axes
 33723 | Snake:4  | Entered Level 4 of the Snake Pit
 34080 | Snake:4  | Noticed Vashnia
 34113 | Snake:4  | Killed Vashnia
 34549 | Snake:4  | Identified the +1 pair of gloves of Hyec Bigaqua {MP+9
                  | Str+3 Int+3}
 34736 | Snake:4  | Reached skill level 5 in Armour
 34836 | Snake:4  | Got a serpentine rune of Zot
 35423 | D:6      | Killed lxXxl's ghost
 35591 | Lair:1   | Reached skill level 10 in Conjurations
 35595 | Lair:1   | Killed SgtHiss's ghost
 35630 | Lair:1   | Identified the +3 pair of boots "Cafav" {-Cast rF+++ rCorr
                  | Dex+3}
 35805 | Elf:1    | Paralysed by an air elemental for 1 turns
 35956 | Elf:1    | Found Bozefuwneza's Magic Scroll Shop.
 35959 | Elf:1    | Found Cesocri's Antique Weapon Boutique.
 35959 | Elf:1    | Found Awica's Book Shop.
 35965 | Elf:1    | Found Metutim's Weapon Boutique.
 35985 | Elf:1    | Reached skill level 5 in Shields
 36007 | Elf:1    | Reached XP level 18. HP: 156/156 MP: 24/40
 36447 | Elf:1    | Found Horyckad's Armour Shop.
 36863 | Elf:2    | Reached skill level 13 in Spellcasting
 36876 | Elf:2    | Found a runed translucent gate.
 36877 | Elf:2    | Found a runed translucent gate.
 36877 | Elf:2    | Found a runed translucent gate.
 36900 | Elf:2    | Identified the +1 morningstar "Ituoz" {heavy, Dex+2}
 37077 | Elf:2    | Found Sibutzo's Vocational Training.
 37093 | Elf:2    | Found Yclerau's General Store.
 37379 | Elf:2    | Identified the +2 robe of Leapfrog {rC+}
 37976 | Elf:3    | Entered Level 3 of the Elven Halls
 38402 | Elf:3    | Identified the ring of Ineedda {AC+4 Dex+3}
 38539 | Elf:3    | Identified the +6 glaive of the Butterfly {freeze, Will+
                  | Str-5 Int+2}
 38539 | Elf:3    | Identified the ring "Zasaudosh" {rElec Dex+6}
 38540 | Elf:3    | Reached skill level 14 in Spellcasting
 38782 | Elf:3    | Learned a level 6 spell: Death Channel
 38813 | Elf:3    | Got the Teachings on Freezing
 38818 | Elf:3    | Identified the staff of death "Yrar" {rElec rF- rN+ Int+3
                  | Dex+3}
 38823 | Elf:3    | Identified the staff of cold "Peboy" {rF+ rC+ Int+3 Dex+3}
 38845 | Elf:3    | Found the +3 greatsling "Punk" {acid, rCorr}
 39017 | Elf:3    | Identified the +0 ring mail of Agriju Deibb {Contam Str+5
                  | SInv}
 39018 | Elf:3    | Identified the staff of poison "Yxzighi" {rPois Str+9 Int+2
                  | SInv Stlth-}
 39282 | Vaults:1 | Entered Level 1 of the Vaults
 39499 | Vaults:1 | Noticed Donald
 39501 | Vaults:1 | Killed Donald
 39628 | Vaults:1 | Reached XP level 19. HP: 163/163 MP: 41/43
 40038 | Vaults:1 | Identified the +5 arbalest of Nusacw {heavy, rElec Int+3}
 40933 | Vaults:2 | Found a staircase to the Crypt.
 41963 | Vaults:3 | Found Tup Medu's Jewellery Emporium.
 42618 | Vaults:3 | Reached skill level 10 in Necromancy
 43358 | Vaults:4 | Reached skill level 15 in Spellcasting
 43474 | Vaults:4 | Reached XP level 20. HP: 171/171 MP: 42/44
 44042 | Vaults:4 | Found Qihen's Book Emporium.
 44545 | Vaults:5 | Entered Level 5 of the Vaults
 44607 | Vaults:5 | Identified the amulet of Terra Nullius {Spirit Slay+2}
 44618 | Vaults:5 | Reached skill level 10 in Dodging
 44630 | Vaults:5 | Reached skill level 10 in Shields
 44640 | Vaults:5 | Noticed a dread lich
 44648 | Vaults:5 | Identified the staff of air "Awnuutar" {Fly rElec rN+
                  | Will+}
 44649 | Vaults:5 | Noticed a golden dragon
 44812 | Vaults:5 | Killed a golden dragon
 44885 | Vaults:5 | Reached skill level 16 in Spellcasting
 44972 | Vaults:5 | Noticed an ancient lich
 44977 | Vaults:5 | Killed an ancient lich
 45163 | Vaults:5 | Noticed a golden dragon
 45164 | Vaults:5 | Noticed a dread lich
 45171 | Vaults:5 | Killed a dread lich
 45172 | Vaults:5 | Reached XP level 21. HP: 176/181 MP: 24/47
 45176 | Vaults:5 | Killed a golden dragon
 45404 | Vaults:5 | Identified the +5 mace "Uvvinirph" {speed, rElec rF++ rC-
                  | Int+3}
 45481 | Vaults:5 | Identified the +0 plate armour "Toefum" {rN+++ Will+ Int-4
                  | Dex+2}
 45594 | Vaults:5 | Killed a dread lich
 45889 | Vaults:5 | Identified the +8 chain mail "Lavedy" {rN++ Slay+2}
 45900 | Vaults:5 | Identified the +1 dagger "Pooqir" {venom, *Rage Fly rN+}
 45910 | Vaults:5 | Got a silver rune of Zot
 45991 | Vaults:5 | Identified the +1 plate armour "Natodeo" {Fly rCorr Str+2}
 46224 | Vaults:5 | Identified the +4 shortbow of the Globe {drain, rF- rN+
                  | Will+ MP+9}
 46434 | Vaults:1 | Acquired wingedge's Verses on Ensorcelling and Mud
 46524 | Depths:1 | Entered Level 1 of the Depths
 46776 | Depths:1 | Reached skill level 17 in Spellcasting
 47475 | Depths:1 | Found a gateway to Hell.
 47574 | Depths:1 | Noticed a golden dragon
 47579 | Depths:1 | Killed a golden dragon
 48294 | Depths:1 | Learned a level 8 spell: Lehudib's Crystal Spear
 48955 | Depths:2 | Found the +3 Elemental Staff {rElec rF+ rC+ AC+3}
 49062 | Depths:2 | Reached XP level 22. HP: 189/189 MP: 40/49
 49106 | Depths:2 | Found a one-way gate to the infinite horrors of the Abyss.
 49405 | Depths:2 | Found a one-way gate leading to the halls of Pandemonium.
 50582 | Depths:3 | Noticed a juggernaut
 50598 | Depths:3 | Found a transporter.
 50647 | Depths:3 | Found a transporter.
 50872 | Depths:3 | Killed a juggernaut
 50929 | Depths:3 | Identified the +2 helmet of Lanykk {Will++ Regen+ Dex-5
                  | SInv}
 50942 | Depths:3 | Identified the amulet "Ferimehu" {Faith rElec Dex+4}
 50976 | Depths:3 | Identified the staff of death "Egra" {Fragile +Blink rC+++
                  | rN+ Stlth+}
 51023 | Depths:4 | Entered Level 4 of the Depths
 51107 | Depths:4 | Found a gate to the Realm of Zot.
 51772 | Depths:4 | Noticed a juggernaut
 51777 | Depths:4 | Killed a juggernaut
 51944 | Depths:4 | Found a one-way gateway to a ziggurat.
 52215 | Zot:1    | Entered Level 1 of the Realm of Zot
 52222 | Zot:1    | Noticed a Killer Klown
 52225 | Zot:1    | Killed a Killer Klown
 52781 | Zot:1    | Slain by a green draconian

Illustrated notes

Levels and vault maps discovered:
D:1:      spicycebolla_arrival_transporter_tutorial, layout_loops_corners,
          shapermc_ecumenical_altar_notcrosses, minmay_misc_feat_rugged
D:2:      layout_rooms
D:3:      layout_loops_cross, bloody_makhleb, uniq_robin
D:4:      minmay_door_path, layout_basic, jmf_multi_god_temple,
          kennysheep_generic_room_11, uniq_eustachio
D:5:      layout_rooms
D:6:      minmay_klotski, layout_basic, gammafunk_ghost_split,
          kennysheep_generic_room_5
D:7:      layout_basic, minmay_temple_entry_arrows, uniq_joseph, uniq_menkaure,
          uniq_pikel
D:8:      layout_basic, nzn_wu_jian_council_hall, guppyfry_early_elven_hall
D:9:      layout_gridville, chequers_temple_overflow_minitemple,
          dpeg_lair_monsters, serial_shops, nicolae_shop_dealshenge
D:10:     layout_small_grid
D:11:     layout_roguey, david_orc_3, minmay_diamond_spiral, uniq_grum,
          uniq_erolcha, uniq_fannar
D:12:     layout_roguey, uniq_josephine, uniq_snorg
D:13:     layout_loops_ring, david_vaults_2, serial_shops,
          nicolae_shop_peninsula
D:14:     layout_long_grid, minmay_staircase_windowed_small
D:15:     gammafunk_depths_entry_grave, layout_stronghold,
          dreamdust_mushroom_princess, minmay_quadrilaterals
Lair:1:   layout_loops_ring, gammafunk_ghost_berserking_beasts,
          beast_lair_carwin_5, grunt_megastairs_1, lemuel_fruit_tree
Lair:2:   layout_gridlike, skrybe_swamp_entry_bodies, ice2_lemuel
Lair:3:   layout_gridlike, minmay_snake_entry_guardpost_medium
Lair:4:   layout_hall_layers, slime_entry_1, nicolae_volcano_entry_hallway,
          uniq_rupert
Lair:5:   hangedman_lair_caniforms_friends, layout_cave_pods, st_stairs_9
Swamp:1:  layout_falls_marsh, nicolae_swamp_tree_designs, swamp_pool4,
          uniq_kirke
Swamp:2:  nzn_winding_woodlands_medium [nzn_winding_woodlands_5x5_three,
          nzn_winding_woodlands_5x15_river_crossing,
          nzn_winding_woodlands_hourglass, nzn_winding_woodlands_5x5_default,
          nzn_winding_woodlands_center_triple_pond,
          nzn_winding_woodlands_5x5_cross,
          nzn_winding_woodlands_5x5_checkerboard,
          nzn_winding_woodlands_5x15_zeroes, nzn_winding_woodlands_5x5_default],
          layout_basic_swamp, serial_swamp_ruin, evilmike_swamp_ruin_house_6,
          evilmike_swamp_ruin_wall, evilmike_swamp_ruin_house_4,
          nzn_swamp_weyward_sisters
Swamp:3:  layout_basic_swamp, evilmike_swamp_ruin_rubble_2
Swamp:4:  swamp_fiery, layout_basic_swamp, uniq_nikola, uniq_bai_suzhen
Snake:1:  layout_chambers, serial_shops, shop, drop_trap, uniq_agnes, uniq_aizul
Snake:2:  layout_honeycomb, serial_shops, nicolae_shop_statue_plus,
          nicolae_specific_store, serial_bayou_shore_b
Snake:3:  layout_concentric_octagons
Snake:4:  grunt_snake_rune_pools, layout_cave_town, uniq_vashnia
Orc:1:    layout_caves, basic_altar, uniq_nergalle
Orc:2:    st_orc_rangers, layout_diamond_mine, roderic_batcave, sword_in_stone
Elf:1:    layout_loops_cross, serial_shops, shop, hangedman_elf_disciples,
          st_stairs_3, minmay_shoptagon
Elf:2:    nicolae_elf_blades_crystal_corner, layout_onion_city, serial_shops,
          shop, nicolae_shop_vocational
Elf:3:    grunt_elf_hall_diamonds, layout_geoelf_octagon, moated_statue,
          evilmike_spriggan_trog_shrine
Vaults:1: v_misc_12, nicolae_vaults_yaktaur_gun_rack, vaults_room_grid,
          nicolae_vaults_cochlea, vaults_room_pool, vaults_room_fours,
          layout_vaults_quadrants, uniq_donald
Vaults:2: nicolae_vaults_little_squares_4, nicolae_vaults_little_squares_1,
          grunt_vaults_twisty, vaults_mumra_minichess, v_misc_9,
          minmay_crypt_entry_necro_gods, nicolae_vaults_circle_grid_a,
          nicolae_vaults_wrenched, nicolae_vaults_closet_pinwheel_4,
          v_pattern_4, ontoclasm_vaults_pinch, nicolae_vaults_specimen_jars,
          nicolae_vaults_rhombus_7, ontoclasm_vaults_gateway,
          ontoclasm_vaults_decontamination, layout_vaults_omnibox
Vaults:3: hangedman_vaults_nails, v_misc_14, vaults_dpeg_spiral,
          hangedman_vaults_unwind, v_alt_pattern_2, nicolae_vaults_wine_cellar,
          serial_ice_m, nicolae_vaults_apartment_1, layout_vaults_chaotic_city,
          serial_shops, shop
Vaults:4: nicolae_vaults_storage_closets_2, nicolae_vaults_little_squares_5,
          v_misc_11, ontoclasm_vaults_idyll, ontoclasm_vaults_ring_large,
          nicolae_vaults_tetromino_T_1, nicolae_vaults_house_2,
          nicolae_vaults_network_s, vaults_room_door_ring,
          nicolae_vaults_shelves_hall, nicolae_vaults_little_squares_4,
          nicolae_vaults_doubleplus_tesselated,
          nicolae_vaults_trapezoid_lopsided_3, layout_vaults_ring, serial_shops,
          nicolae_lakefront_shop
Vaults:5: serial_shops
Depths:1: minmay_three_patterns, layout_gridlike, cheibriados_altar_1,
          pf_coc_iceberg, minmay_shattered_shrine, grunt_megastairs_4,
          serial_bayou_shore_b
Depths:2: grunt_twist_and_shout, layout_long_grid, hell_entry,
          grunt_pan_entry_sceptre, abyss_entry, minmay_misc_feat_room,
          grunt_decor_arrowhead
Depths:3: gammafunk_the_bubble [the_bubble_gammafunk_grid], layout_gridlike,
          abyss_entry, pf_hell_entry_tar_spiral, skrybe_limestone_x,
          due_unseen_surprise, infiniplex_staircase_zigzag_5
Depths:4: grunt_x_marks_the_spot, layout_gridlike, enter_ziggurat_d,
          abyss_entry, pf_hell_entry_great_geh
Zot:1:    ebering_greatest_show_in_zot, layout_twisted_circle,
          grunt_ministairs_10

Skill      XL: |  1  2  3  4  5  6  7  8  9 10 11 12 13 14 15 16 17 18 19 20 21 22 |
---------------+-------------------------------------------------------------------+-----
Earth Magic    | 3 4 5 6 7 8 9 10 12 14 | 14.8
Stealth        | 2 3 |  3.0
Dodging        | 2 3 4 6 7 8 9 10 | 10.9
Fighting       | 1 2 3 4 5 6 8 9 10 11 12 13 14 | 14.6
Spellcasting   | 2 3 4 5 6 7 8 9 10 11 12 14 15 16 17 | 17.3
Conjurations   | 1 3 4 5 6 8 10 11 12 14 | 14.9
Transmutations | 2 3 4 5 6 7 |  7.9
Poison Magic   | 2 3 4 |  4.0
Air Magic      | 2 3 4 5 7 9 10 | 10.0
Armour         | 2 4 5 6 7 8 |  8.0
Shields        | 1 2 3 5 8 9 10 | 10.9
Hexes          | 1 4 5 |  5.0
Staves         | 2 4 |  4.0
Fire Magic     | 2 5 7 9 10 | 10.0
Summonings     | 5 |  5.0
Axes           | 2 4 6 7 8 |  8.0
Necromancy     | 5 6 8 10 | 10.6
Ice Magic      | 3 |  3.0

Action                     |  1- 3 |  4- 6 |  7- 9 | 10-12 | 13-15 | 16-18 | 19-21 | 22-24 || total
---------------------------+-------+-------+-------+-------+-------+-------+-------+-------++-------
  Melee: Short sword       |       |     1 |       |       |       |       |       |       ||     1
         Falchion          |       |       |     1 |       |       |       |       |       ||     1
         Trident           |       |       |    10 |       |       |       |       |       ||    10
         Lajatang          |       |       |       |    36 |    52 |       |       |       ||    88
         Broad axe         |       |       |       |       |     3 |    27 |    60 |    39 ||   129
         Staff             |       |       |       |       |     1 |     2 |       |     2 ||     5
   Fire: Sling             |       |       |     6 |     2 |       |       |       |       ||     8
   Cast: Sandblast         |    65 |    49 |     4 |       |       |       |       |       ||   118
         Stone Arrow       |     1 |    14 |   112 |   297 |   311 |    69 |    17 |       ||   821
         Petrify           |       |       |     4 |     8 |     1 |       |       |       ||    13
         Mephitic Cloud    |       |       |     2 |    25 |    12 |       |       |       ||    39
         Lee's Rapid Decon |       |       |       |    30 |    18 |     6 |    50 |    16 ||   120
         Fulminant Prism   |       |       |       |    13 |    12 |       |       |       ||    25
         Arcjolt           |       |       |       |    10 |    71 |    13 |     4 |     2 ||   100
         Plasma Beam       |       |       |       |       |   278 |   402 |   410 |    53 ||  1143
         Summon Mana Viper |       |       |       |       |     5 |    10 |     6 |       ||    21
         Conjure Ball Ligh |       |       |       |       |     2 |    27 |    33 |     6 ||    68
         Borgnjor's Vile C |       |       |       |       |       |    65 |    88 |    52 ||   205
         Ozocubu's Armour  |       |       |       |       |       |     8 |     7 |     2 ||    17
         Death Channel     |       |       |       |       |       |       |     5 |     1 ||     6
         Lehudib's Crystal |       |       |       |       |       |       |    11 |    91 ||   102
  Evoke: Wand              |       |       |       |       |       |       |     1 |     1 ||     2
    Use: Potion            |       |     1 |     1 |    12 |     2 |       |    13 |     5 ||    34
         Scroll            |       |     4 |     1 |    12 |    10 |     8 |    12 |     3 ||    50
   Stab: Petrifying        |       |       |       |     2 |       |       |       |       ||     2
         Confused          |       |       |       |       |     2 |       |       |       ||     2
         Sleeping          |       |       |       |       |     1 |       |       |       ||     1
         Distracted        |       |       |       |       |       |     1 |     1 |       ||     2
 Armour: Robe              |       |     7 |       |       |    55 |    47 |    30 |    42 ||   181
         Leather armour    |       |       |     4 |    58 |    34 |       |       |       ||    96
         Ring mail         |       |       |     1 |     6 |       |       |       |       ||     7
  Dodge: Dodged            |     6 |    18 |    21 |    99 |   294 |    96 |    95 |    64 ||   693
  Block: Buckler           |       |       |     6 |     5 |     3 |    18 |       |       ||    32
         Kite shield       |       |       |       |       |       |    44 |   141 |    97 ||   282
         Reflection        |       |       |       |       |       |       |    31 |     2 ||    33
